 Dungeon Crawl Stone Soup version 0.25-a0-865-gd392131cc7 (webtiles) character file.

Game seed: 9853158996538854624, levelgen mode: deterministic

58 Clearchim the Bolt Thrower (level 4, -10/27 HPs)
             Began as a Kobold Hunter on Apr 30, 2020.
             Was an Initiate of Dithmenos.
             Mangled by a wyvern (17 damage)
             ... on level 3 of the Dungeon.
             The game lasted 00:11:25 (2155 turns).

Clearchim the Bolt Thrower (Kobold Hunter)          Turns: 2155, Time: 00:11:26

Health: -10/27     AC:  4    Str:  9    XL:     4   Next: 20%
Magic:  4/4        EV: 15    Int: 12    God:    Dithmenos [......]
Gold:   223        SH:  0    Dex: 16    Spells: 3/3 levels left

rFire    . . .     SeeInvis .   a - +1 hand crossbow
rCold    . . .     Gourm    .   (shield restricted)
rNeg     . . .     Faith    .   c - +0 leather armour
rPois    +         Spirit   .   (no helmet)
rElec    .         Reflect  .   (no cloak)
rCorr    .         Harm     .   s - +0 pair of gloves
MR       .....                  (no boots)
Stlth    ++........             (no amulet)
HPRegen  0.09/turn              o - ring of poison resistance
MPRegen  0.09/turn              (no ring)

@: no status effects
A: small, carnivore
a: Renounce Religion


You were on level 3 of the Dungeon.
You worshipped Dithmenos.
Dithmenos was noncommittal.
You were completely stuffed.

You visited 1 branch of the dungeon, and saw 3 of its levels.

You collected 223 gold pieces.

Inventory:

Hand Weapons
 a - a +1 hand crossbow (weapon)
 b - a +0 short sword
 h - a +3 hunting sling
Missiles
 d - 38 bolts (quivered)
 e - 19 sling bullets
 g - 141 stones
Armour
 c - a +0 leather armour (worn)
 s - a +0 pair of gloves (worn)
Jewellery
 o - a ring of poison resistance (left hand)
Scrolls
 i - a scroll of fear
 m - a scroll of remove curse
 p - 2 scrolls of teleportation
 t - a scroll of amnesia
Potions
 j - a potion of might {unknown}
 k - 2 potions of curing {unknown}
 l - a potion of stabbing {unknown}
 n - 3 potions of heal wounds
 r - a potion of lignification {unknown}
Comestibles
 f - 4 rations
 q - 3 chunks of flesh


   Skills:
 + Level 2.8 Fighting
 + Level 1.8 Short Blades
 + Level 5.2 Crossbows
 + Level 3.1 Dodging
 + Level 2.5 Stealth
 + Level 0.2 Invocations


You had 3 spell levels left.
You didn't know any spells.
Your spell library was empty.

Dungeon Overview and Level Annotations

Branches:
Dungeon (3/15)

Altars:
Dithmenos
Ru


Innate Abilities, Weirdness & Mutations

You are small and have problems with some larger weapons.
You are carnivorous and can eat meat at any time.


Message History

Firing (i - inventory. (/) - cycle)
d - 41 bolts (quivered)
Press: ? - help, Shift-Dir - straight line, f/p - wyvern
Aim: a wyvern You shoot a bolt.
The bolt completely misses the wyvern.
The wyvern closely misses you. The wyvern bites you!
Firing (i - inventory. (/) - cycle)
d - 40 bolts (quivered)
Press: ? - help, Shift-Dir - straight line, f/p - wyvern
Aim: a wyvern You shoot a bolt.
The bolt hits the wyvern!
The wyvern is heavily wounded.
The wyvern bites you!
* * * LOW HITPOINT WARNING * * *
Firing (i - inventory. (/) - cycle)
d - 39 bolts (quivered)
Press: ? - help, Shift-Dir - straight line, f/p - wyvern
Aim: a wyvern (heavily wounded)
You shoot a bolt. The bolt hits the wyvern.
The wyvern is severely wounded.
The wyvern bites you!
Ouch! That really hurt!
You die...

.( . .## .(# #. #.#
#. #.# ##.## #l#
##...## #@# #.....#
#.#
#.....#########.#
##......<.รท......#
.......###########
###[..## ##.## #.#
#.#


You could see a wyvern.

Vanquished Creatures
  An adder (D:3)
  An ooze (D:1)
  A worm (D:2)
  A dart slug (D:2)
  5 bats
  5 giant cockroaches
  2 goblins
  8 hobgoblins
  3 jackals (D:1)
  A quokka (D:3)
  3 kobolds
  2 rats
33 creatures vanquished.

Vanquished Creatures (others)
  4 toadstools (D:1)
4 creatures vanquished.

Grand Total: 37 creatures vanquished

Notes
Turn   | Place    | Note
-------+----------+-------------------------------------------
     0 | D:1      | Clearchim the Kobold Hunter began the quest for the Orb.
     0 | D:1      | Reached XP level 1. HP: 12/12 MP: 1/1
   142 | D:1      | Reached XP level 2. HP: 3/18 MP: 2/2
   491 | D:1      | Reached skill level 1 in Short Blades
   491 | D:1      | Reached skill level 5 in Crossbows
   743 | D:1      | Reached XP level 3. HP: 19/22 MP: 3/3
  1447 | D:2      | Found a shadowy altar of Dithmenos.
  1451 | D:2      | Found a sacrificial altar of Ru.
  1474 | D:2      | Became a worshipper of Dithmenos the Shadowed
  2092 | D:3      | Reached XP level 4. HP: 26/27 MP: 4/4
  2149 | D:3      | Noticed a wyvern
  2155 | D:3      | Mangled by a wyvern

Levels and vault maps discovered:
D:1:      lightli_arrival_noodles, layout_loops_ring, minmay_gold_behind_fungi,
          minmay_indecisive_spiral
D:2:      layout_rooms, grunt_temple_overflow_open, hangedman_glass_teeth,
          minmay_tetromino_o2
D:3:      layout_loops_corners, chequers_ecumenical_altar_grove,
          kennysheep_boxes, uniq_robin

Skill      XL: |  1  2  3 |
---------------+----------+-----
Short Blades   | 1 |  1.8
Crossbows      | 5 |  5.2
Stealth        | 2 |  2.5
Dodging        | 3 |  3.1
Fighting       | |  2.8
Invocations    | |  0.2

Action                   |  1- 3 |  4- 6 || total
-------------------------+-------+-------++-------
Melee: Short sword       |   148 |     5 ||   153
 Fire: Hand crossbow     |    11 |     5 ||    16
  Use: Scroll            |     6 |       ||     6
 Stab: Distracted        |     1 |       ||     1
  Eat: Chunk             |    11 |     1 ||    12
Armor: Leather armour    |    57 |     1 ||    58
Dodge: Dodged            |   164 |     5 ||   169

Table legend:
 A = Non-vault XP
 B = Vault XP
 C = Vault XP percentage of total XP
 D = Non-vault monster count
 E = Vault monster count
 F = Vault count percentage of total count
                 A         B        C        D         E       F
            +---------+---------+-------+---------+---------+-------
      Total |      74 |       9 |  10.8 |      28 |       5 |  15.2
            +---------+---------+-------+---------+---------+-------
        D:1 |      32 |       7 |  17.9 |      14 |       4 |  22.2
        D:2 |      21 |       2 |   8.7 |       9 |       1 |  10.0
        D:3 |      21 |       0 |   0.0 |       5 |       0 |   0.0
            +---------+---------+-------+---------+---------+-------
